 Dungeon Crawl Stone Soup version 0.22-a0-377-g846bec1 (webtiles) character file.

327633 dstrtnsr the Brawler (level 21, 0/260 HPs)
             Began as a Hill Orc Conjurer on Apr 26, 2018.
             Was the Champion of Cheibriados.
             Slain by an Executioner (4 damage)
             ... summoned by an ancient lich
             ... on level 5 of the Vaults on Apr 27, 2018.
             The game lasted 03:32:36 (23808 turns).

dstrtnsr the Brawler (Hill Orc Conjurer)           Turns: 23808, Time: 03:32:37

Health: 0/260      AC: 32    Str: 31    XL:     21   Next: 67%
Magic:  4/35       EV: 26    Int: 37    God:    Cheibriados [******]
Gold:   708        SH: 17    Dex: 26    Spells: 4/40 levels left

rFire    + . .     SeeInvis .     - Unarmed
rCold    + . .     Gourm    .   g - +2 shield
rNeg     + . .     Faith    .   (armour currently unavailable)
rPois    ∞         Spirit   .   p - +2 helmet
rElec    +         Reflect  .   B - scarf {rC+ rF+}
rCorr    .         Harm     .   (gloves currently unavailable)
MR       +++..                  (boots currently unavailable)
Stlth    +++.......             w - amulet of regeneration
HPRegen  1.93/turn              T - ring "Qawor" {Wiz rPois MR+ Int+2}
MPRegen  0.24/turn              m - ring of protection from magic

@: about to teleport, statue-form, very slightly contaminated, regenerating,
very slow
A: fangs 1, robust 1
}: 2/15 runes: serpentine, barnacled
a: End Transformation, Bend Time, Temporal Distortion, Slouch, Step From Time,
Renounce Religion


You were on level 5 of the Vaults.
You worshipped Cheibriados.
Cheibriados was exalted by your worship.
You were not hungry.
You were a stone statue.
You visited 8 branches of the dungeon, and saw 40 of its levels.

You collected 4254 gold pieces.
You spent 3546 gold pieces at shops.

Inventory:

Missiles
 a - 3 throwing nets (quivered) {!f}
Armour
 g - a +2 shield (worn)
 h - the +5 pair of gloves "Mufiarem" (melded) {+Inv Int+4 Slay+3}
   (You bought it in a shop on level 2 of the Elven Halls)

   It affects your intelligence (+4).
   It affects your accuracy and damage with ranged weapons and melee attacks
   (+3).
   It lets you turn invisible.
 i - a +2 pair of boots (melded)
 p - a +2 helmet (worn)
 B - a scarf of resistance (worn)
 Q - a +0 troll leather armour (melded)
Magical Staves
 R - an uncursed staff of energy {!a}
Jewellery
 d - a +5 ring of evasion
 m - a ring of protection from magic (right hand)
 w - an amulet of regeneration (around neck)
 z - the ring "Rozasezeyps" {rF+ Str+3 Dex+3}
   (You found it on level 3 of the Elven Halls)

   [ring of dexterity]

   It affects your strength (+3).
   It affects your dexterity (+3).
   It protects you from fire.
 T - the ring "Qawor" (left hand) {Wiz rPois MR+ Int+2}
   (You bought it in a shop on level 2 of the Orcish Mines)

   [ring of wizardry]

   It improves your spell success rate.
   It affects your intelligence (+2).
   It protects you from poison.
   It affects your resistance to hostile enchantments.
 V - an uncursed ring of wizardry
Wands
 q - a wand of scattershot (6)
 x - a wand of clouds (3)
 C - a wand of acid (16)
 E - a wand of enslavement (23)
 I - a wand of iceblast (29)
 P - a wand of paralysis (30)
Scrolls
 b - 12 scrolls of amnesia
 e - 3 scrolls of teleportation {!d}
 f - a scroll of magic mapping
 k - 10 scrolls of remove curse {@r2}
 t - 7 scrolls of fog
 u - 2 scrolls of holy word
 v - a scroll of immolation {!r}
 D - a scroll of torment {!r}
 F - a scroll of silence {!r}
 U - a scroll of brand weapon
 Y - a scroll of vulnerability {!r}
 Z - 2 scrolls of fear
Potions
 c - a potion of resistance {!q}
 o - 2 potions of agility
 A - 4 potions of lignification {!q}
 G - 2 potions of ambrosia {!q}
 H - 5 potions of brilliance
 J - 2 potions of magic {!q}
 K - 6 potions of cancellation {!q}
 N - 2 potions of might
 W - 2 potions of flight
 X - a potion of mutation {!q}
Miscellaneous
 n - a sack of spiders
 s - a phial of floods (inert)
 y - a lightning rod (4/4) {!a}
 O - a lamp of fire
Comestibles
 r - 38 rations {!d}


   Skills:
 + Level 14.4 Fighting
   Level 4.7 Short Blades
   Level 10.0 Maces & Flails
 - Level 10.2 Armour
 + Level 13.6 Dodging
 - Level 1.5 Stealth
 - Level 11.0 Shields
 - Level 17.0 Unarmed Combat
 - Level 10.0 Spellcasting
   Level 4.0 Conjurations
 - Level 4.0 Summonings
 - Level 8.0 Necromancy
 - Level 7.0 Transmutations
 - Level 11.0 Earth Magic
 - Level 14.0 Invocations
 - Level 6.0 Evocations


You had 4 spell levels left.
You knew the following spells:

 Your Spells              Type           Power        Failure   Level  Hunger
a - Statue Form           Tmut/Erth      ######...    6%          6    ####...
b - Borgnjor's Vile Clut  Necr/Erth      ######....   1%          5    ##.....
c - Death Channel         Necr           ######....   9%          6    ####...
n - Animate Dead          Necr           N/A          1%          4    None
r - Regeneration          Chrm/Necr      #####.....   1%          3    None
w - Passwall              Tmut/Erth      ######....   1%          2    None
y - Yara's Violent Unrav  Hex/Tmut       #####.....   10%         5    ##.....
B - Aura of Abjuration    Summ           #####.....   8%          5    ##.....


Dungeon Overview and Level Annotations

Branches:
Dungeon (15/15)            Temple (1/1) D:5            Lair (6/6) D:8
 Shoals (4/4) Lair:4        Snake (4/4) Lair:3        Slime (0/5) Lair:5
    Orc (2/2) D:11            Elf (3/3) Orc:2        Vaults (5/5) D:14
  Crypt (0/3) Vaults:3     Depths (0/5) D:15

Altars:
Ashenzari
Cheibriados
Dithmenos
Gozag
Hepliaklqana
Kikubaaqudgha
Makhleb
Nemelex Xobeh
Okawaru
Qazlal
Ru
Sif Muna
Vehumet
Wu Jian
Xom
Zin
The Shining One
Beogh
Jiyva

Shops:
D:6 (   D:13 *   Orc:2 *}=[:   Elf:2 [   Snake:1 %   Vaults:2 *   Vaults:3 ?

Portals:
Trove: Elf:1 (give 14 scrolls of teleportation)

Annotations:
D:5 exclusion: downstairs
D:11 orc
D:15 1 runed door
Elf:2 2 runed doors
Vaults:5 Margery


Innate Abilities, Weirdness & Mutations

You have very sharp teeth.
You are robust. (+10% HP)


Message History

* * * LOW HITPOINT WARNING * * *
Huge Dmg: -13%(-35hp) hp: 17%(42hp) Blink to where?
Press: ? - help, Dir - move target cursor
As you read the scroll of blinking, it crumbles to dust.
You revert to your normal fleshy form.
The +5 pair of gloves "Mufiarem" {+Inv Int+4 Slay+3} unmelds from your body.
Your +2 pair of boots unmelds from your body.
Your +0 troll leather armour unmelds from your body.
Damage: -4%(-8hp) hp: 17%(34hp) Unknown command.
Unknown command.
Casting: Statue Form (safe; 4% risk of failure)
Confirm with . or Enter, or press ? or * to list all spells.
Your skin crawls.
Unknown command.
Unknown command.
Unknown command.
Unknown command.
Casting: Regeneration (safe; 1% risk of failure)
Confirm with . or Enter, or press ? or * to list all spells.
You turn into a living statue of rough stone.
The +5 pair of gloves "Mufiarem" {+Inv Int+4 Slay+3} melds into your body.
Your +2 pair of boots melds into your body.
Your +0 troll leather armour melds into your body.
Unknown command.
Unknown command.
Unknown command.
Okay, then.
Unknown command.
The quicksilver dragon breathes dispelling energy at you.
The bolt of dispelling energy misses you.
Unknown command.
Unknown command.
You pulverise the tengu reaver!!!
The tengu reaver is severely wounded.
The tengu reaver gestures at you while chanting.
The bolt of magma hits you!
You block the quicksilver dragon's attack. x2
Unknown command.
You pulverise the quicksilver dragon!!!
You kill the quicksilver dragon!
Cheibriados thoroughly appreciates the change of pace.
You hear a shout!
The tengu reaver hits you with an enchanted long sword.
* * * LOW HITPOINT WARNING * * *
You block the tengu reaver's attack. x2
Damage: -2%(-4hp) hp: 22%(56hp) Unknown command.
The tengu reaver blocks your attack.
The tengu reaver is severely wounded.
The tengu reaver hits you with an enchanted long sword.
* * * LOW HITPOINT WARNING * * *
You block the tengu reaver's attack. x2
Your yaktaur captain zombie hits the tengu reaver.
Something touches your yaktaur captain zombie.
Your yaktaur captain zombie is destroyed!
Unknown command.
You closely miss the tengu reaver.
The tengu reaver is severely wounded.
The tengu reaver gestures at you while chanting.
The bolt of magma hits you! You partially resist.
* * * LOW HITPOINT WARNING * * *
You hear some strange, mumbled words.
Huge Dmg: -8%(-21hp) hp: 14%(35hp)
The tengu reaver blocks your attack.
The tengu reaver is severely wounded.
You block the Executioner's attack. x2
The Executioner hits you but does no damage.
The tengu reaver points at you and mumbles some strange words.
The bolt of magma hits you! You partially resist.
* * * LOW HITPOINT WARNING * * *
You hear some strange, mumbled words.
The Executioner completely misses you. You block the Executioner's attack.
The Executioner hits you but does no damage.
A vault warden comes into view. It is wielding a glaive.
Huge Dmg: -13%(-33hp) hp: 1%(2hp) Unknown command.
Blink to where?
Press: ? - help, Dir - move target cursor
As you read the scroll of blinking, it crumbles to dust.
The Executioner gestures.
The Executioner seems to speed up.
You feel better. The tengu reaver casts a spell at you.
The fireball explodes!
The fireball engulfs you! You resist.
* * * LOW HITPOINT WARNING * * *
You hear a shout!
Unknown command.
Okay, then.
Unknown command.
As you read the scroll of teleportation {!d}, it crumbles to dust.
You feel strangely unstable. The Executioner hits you!
* * * LOW HITPOINT WARNING * * *
The Executioner completely misses you.
The Executioner hits you but does no damage.
The Executioner completely misses you. x2; The Executioner misses you.
The Executioner hits you.
You die...

,,,,,,,#Cp.....#..#
,,,,,..≈C#.....#..#
,,,...≈sC###)..#C.#
,,,.....,,,##..#.Q#
,,,.....,,,,##.#..#
,,,....,,,,,,#C#..#
,,,)...,,,,,##.#..#
,,,,,,,,,,,##.Z#1.#
,,,,,,,,,###.ZZ#8.#
,,,,,,,,+#.....#..#
,,,,,,,#+......#..#
,,,,,###.......#..#
#,,,##..)......#..#
##,##..........#..#
.###)..........#..#
.)()..............#
##############....*


You could see a stone giant, a tengu reaver and an Executioner.

Vanquished Creatures
  Vashnia (Snake:3)
  Nikola (Shoals:3)
  The ghost of Totori the Brawler, an adept DrTm of Sif Muna (Shoals:4)
  A deep elf master archer (Elf:3)
  4 deep elf blademasters (Elf:3)
  A quicksilver dragon (Vaults:5)
  2 titans (Vaults:5)
  A sphinx (Vaults:5)
  Polyphemus (Shoals:2)
  A kraken (Shoals:4)
  Agnes (Snake:2)
  4 storm dragons
  Donald (Snake:2)
  Ilsuiw (Shoals:4)
  4 nagarajas (Snake:4)
  A fire giant (Vaults:5)
  4 frost giants
  6 vault wardens
  4 deep elf sorcerers (Elf:3)
  An emperor scorpion (D:15)
  An orc warlord (Elf:2)
  7 deep elf elementalists
  8 very ugly things
  3 ironheart preservers
  5 stone giants
  An entropy weaver (shapeshifter) (Vaults:2)
  4 deep elf demonologists
  An entropy weaver (Vaults:1)
  6 deep elf annihilators (Elf:3)
  Azrael (D:15)
  A spark wasp (shapeshifter) (Elf:3)
  A dire elephant (Lair:6)
  3 merfolk javelineers
  Snorg (Lair:5)
  3 deep elf death magi
  4 deep elf high priests (Elf:3)
  2 ettins (Vaults:5)
  9 merfolk impalers
  A fire dragon (Vaults:1)
  4 yaktaur captains
  4 great orbs of eyes
  3 rakshasas
  5 vault guards
  10 naga warriors
  3 catoblepae
  5 hydras
  An alligator snapping turtle (Shoals:2)
  4 death knights (Vaults:3)
  7 centaur warriors
  9 anacondas
  17 two-headed ogres
  12 dancing weapons
  3 ogre magi
  4 merfolk aquamancers
  A deep troll shaman (Lair:6)
  2 satyrs
  2 tengu warriors
  9 death yaks
  8 orc high priests
  19 naga sharpshooters
  12 deep elf knights
  The ghost of RoseArtemis the Cleaver, a novice MiFi of Trog (D:8)
  5 skeletal warriors
  12 sea snakes
  A salamander mystic (Snake:1)
  2 unseen horrors (Vaults:1)
  2 wizards
  2 shadow wraiths
  A glowing orange brain (Vaults:3)
  13 deep elf archers
  A kraken simulacrum (Shoals:4)
  5 naga ritualists
  11 harpies
  24 orc knights
  9 ironbrand convokers
  A flayed ghost (Vaults:3)
  41 deep elf magi
  A wolf spider (Vaults:2)
  8 mana vipers
  5 orc sorcerers
  An oklob plant (Shoals:2)
  8 fauns
  A wolf spider zombie (D:13)
  6 salamanders
  24 ugly things
  8 cyclopes
  Maurice (D:13)
  11 merfolk sirens
  10 manticores
  8 water nymphs
  5 vault sentinels
  A centaur zombie (D:14)
  18 black mambas
  5 guardian serpents
  11 elephants
  12 spiny frogs
  24 naga magi
  A torpor snail (Lair:4)
  A freezing wraith (Vaults:3)
  2 kobold demonologists (D:12)
  A rime drake (Lair:5)
  A tengu conjurer (D:14)
  4 komodo dragons
  16 yaktaurs
  An efreet (D:13)
  8 trolls
  A meliai (D:13)
  3 polar bears (Lair:6)
  25 merfolk
  5 wind drakes
  A raiju (shapeshifter) (D:15)
  A hornet (shapeshifter) (Elf:3)
  Grinder (D:3)
  8 slime creatures
  16 blink frogs
  6 dream sheep
  13 hippogriffs
  7 snapping turtles
  An air elemental (Elf:3)
  A spriggan (D:7)
  Sigmund (D:6)
  2 shadows
  A vampire (D:14)
  2 redbacks
  6 fire elementals
  2 wyverns
  2 wraiths
  Eustachio (D:4)
  14 water elementals
  27 yaks
  A hog (shapeshifter) (Elf:1)
  A vampire mosquito (D:10)
  3 hungry ghosts
  A steam dragon (D:9)
  2 acid dragons
  3 wargs
  An acid dragon (shapeshifter) (Vaults:5)
  2 hell hounds (D:15)
  29 nagas
  11 water moccasins
  5 porcupines
  51 orc warriors
  5 ice beasts
  A sky beast (shapeshifter) (Elf:2)
  4 sky beasts
  2 eyes of draining
  A hornet zombie (D:6)
  4 black bears
  An ettin simulacrum (Vaults:4)
  14 ogres
  16 wolves
  6 phantoms
  2 necrophages
  A wolf (shapeshifter) (Vaults:3)
  A boggart (Vaults:1)
  11 crocodiles
  5 centaurs
  3 big kobolds
  Blork the orc (D:6)
  11 bullfrogs
  3 earth elementals
  A wyvern zombie (D:14)
  3 scorpions
  47 killer bees
  35 wights
  9 howler monkeys
  A bullfrog zombie (D:12)
  7 electric eels
  5 crimson imps
  6 hounds
  2 bullfrog skeletons
  7 jellies
  43 orc priests
  Crazy Yiuf (D:5)
  20 orc wizards
  6 centaur skeletons
  2 iguanas
  18 worker ants
  A killer bee zombie (D:7)
  A hound zombie (D:9)
  A hound skeleton (D:8)
  A howler monkey zombie (D:8)
  3 worker ant zombies
  15 gnolls
  A howler monkey skeleton (D:8)
  14 adders
  7 shadow imps
  An ooze (D:1)
  An adder zombie (D:7)
  A dart slug (D:5)
  5 leopard geckos
  114 orcs
  7 giant cockroaches
  4 goblins
  4 hobgoblins
  14 jackals
  17 kobolds
  7 quokkas
  2 ball pythons
  5 bats
  6 frilled lizards
  A jackal zombie (D:8)
  A leopard gecko zombie (D:8)
  7 rats
  2 crawling corpses (Elf:3)
  2 plants (Shoals:2)
  6 tentacles (Shoals:4)
1394 creatures vanquished.

Vanquished Creatures (collateral kills)
  An ancient lich (Vaults:5)
  A frost giant (Vaults:5)
  A deep elf demonologist (Elf:3)
  A great orb of eyes (Vaults:3)
  2 vault guards (Vaults:5)
  An alligator snapping turtle (Shoals:3)
  An ogre mage (Vaults:3)
  3 orc knights
  A phantasmal warrior (Vaults:5)
  An orc sorcerer (Vaults:3)
  2 deep elf magi (Vaults:5)
  An ugly thing (Vaults:2)
  A black mamba (Snake:2)
  A black mamba (shapeshifter) (Vaults:2)
  2 yaks (Lair:3)
  An acid dragon (D:10)
  A porcupine (Lair:3)
  An orc warrior (Vaults:3)
  A black bear (shapeshifter) (Vaults:2)
  An ogre (Vaults:3)
  An orc (Vaults:3)
26 creatures vanquished.

Vanquished Creatures (others)
  A deep elf master archer (Elf:3)
  A deep elf sorcerer (Elf:3)
  An ironheart preserver (Vaults:2)
  A deep elf knight (Elf:3)
  2 unseen horrors (D:10)
  A deep elf mage (Vaults:2)
  A harpy (Shoals:3)
  A naga (Snake:1)
  2 ogres
  12 fungi (Lair:6)
  5 plants
  15 tentacles
43 creatures vanquished.

Grand Total: 1463 creatures vanquished

Notes
Turn   | Place    | Note
-------+----------+-------------------------------------------
     0 | D:1      | dstrtnsr the Hill Orc Conjurer began the quest for the Orb.
     0 | D:1      | Reached XP level 1. HP: 14/14 MP: 3/3
   157 | D:2      | Reached skill level 1 in Fighting
   168 | D:2      | Noticed a worker ant
   196 | D:2      | Reached XP level 2. HP: 23/23 MP: 4/4
   287 | D:2      | Reached skill level 1 in Short Blades
   330 | D:2      | HP: 9/23 [adder (4)]
   338 | D:2      | HP: 8/24 [poisoned by an adder]
   355 | D:2      | HP: 6/24 [frilled lizard (2)]
   360 | D:2      | HP: 5/24 [frilled lizard (2)]
   436 | D:2      | Found an opulent altar of Gozag.
   474 | D:2      | HP: 7/24 [leopard gecko (3)]
   481 | D:2      | HP: 4/24 [leopard gecko (3)]
   486 | D:2      | Reached XP level 3. HP: 5/29 MP: 5/5
   585 | D:1      | HP: 9/29 [hobgoblin/club (3)]
   665 | D:1      | HP: 10/29 [gnoll (5)]
   672 | D:1      | HP: 8/29 [gnoll (3)]
   673 | D:1      | HP: 3/29 [gnoll (5)]
   728 | D:1      | HP: 5/29 [gnoll (3)]
   795 | D:1      | HP: 9/29 [gnoll (2)]
   800 | D:1      | HP: 7/30 [ooze (1)]
   803 | D:1      | Reached XP level 4. HP: 10/37 MP: 6/6
  1128 | D:2      | Found a hazy altar of Hepliaklqana.
  1220 | D:3      | Found an ancient bone altar of Kikubaaqudgha.
  1283 | D:3      | Found a stormy altar of Qazlal.
  1405 | D:3      | HP: 14/37 [poisoned by an adder]
  1411 | D:3      | HP: 10/37 [poisoned by an adder]
  1418 | D:3      | HP: 8/37 [poisoned by an adder]
  1425 | D:3      | HP: 6/37 [poisoned by an adder]
  1433 | D:3      | HP: 5/37 [poisoned by an adder]
  1540 | D:3      | Noticed Grinder
  1542 | D:3      | HP: 14/38 [Grinder (5)]
  1547 | D:3      | Killed Grinder
  1547 | D:3      | Reached XP level 5. HP: 18/46 MP: 7/7
  1547 | D:3      | Reached XP level 6. HP: 20/52 MP: 8/8
  1782 | D:3      | HP: 21/53 [poisoned by a worker ant]
  1788 | D:3      | HP: 20/53 [poisoned by a worker ant]
  1796 | D:3      | HP: 20/53 [poisoned by a worker ant]
  1887 | D:4      | Reached skill level 1 in Maces & Flails
  1993 | D:4      | HP: 16/55 [ogre/giant spiked club (12)]
  2118 | D:3      | Reached skill level 5 in Fighting
  2137 | D:3      | Reached XP level 7. HP: 35/61 MP: 9/9
  2352 | D:4      | HP: 17/61 [ogre/giant spiked club (15)]
  2705 | D:4      | HP: 23/62 [adder (2)]
  2719 | D:4      | HP: 24/62 [adder (4)]
  2725 | D:4      | HP: 22/62 [poisoned by an adder]
  2732 | D:4      | HP: 22/62 [poisoned by an adder]
  2740 | D:4      | HP: 21/62 [poisoned by an adder]
  2757 | D:4      | HP: 24/62 [orc (1)]
  2936 | D:5      | Entered Level 5 of the Dungeon
  2936 | D:5      | Noticed Eustachio
  2968 | D:4      | Killed Eustachio
  3015 | D:4      | Reached XP level 8. HP: 57/70 MP: 10/10
  3036 | D:4      | Reached skill level 5 in Maces & Flails
  3287 | D:6      | Found Puuvvat's Antique Weapon Boutique.
  3372 | D:5      | Found a staircase to the Ecumenical Temple.
  3403 | Temple   | Entered the Ecumenical Temple
  3437 | Temple   | Became a worshipper of Cheibriados the Contemplative
  3562 | D:5      | Found a runed door.
  3566 | D:5      | Noticed Crazy Yiuf
  3572 | D:5      | Killed Crazy Yiuf
  3653 | D:5      | Found a shadowy altar of Dithmenos.
  3851 | D:6      | Reached * piety under Cheibriados
  3851 | D:6      | Reached XP level 9. HP: 73/79 MP: 11/11
  3928 | D:6      | HP: 30/79 [wight/enchanted halberd (3)]
  3936 | D:6      | HP: 25/79 [bullfrog (6)]
  3945 | D:6      | HP: 23/79 [phantom (5)]
  4024 | D:6      | HP: 29/79 [phantom (6)]
  4100 | D:6      | Reached skill level 1 in Armour
  4179 | D:6      | Noticed Blork the orc
  4187 | D:6      | Killed Blork the orc
  4220 | D:6      | Found a sacrificial altar of Ru.
  4231 | D:6      | Noticed Sigmund
  4247 | D:6      | Killed Sigmund
  4265 | D:6      | Found a shadowy altar of Dithmenos.
  4351 | D:7      | Reached skill level 5 in Armour
  4357 | D:7      | Reached ** piety under Cheibriados
  4547 | D:7      | Reached XP level 10. HP: 51/88 MP: 12/12
  4593 | D:7      | Found a burning altar of Makhleb.
  4594 | D:7      | Found a radiant altar of Vehumet.
  4607 | D:8      | Found a sparkling altar of Nemelex Xobeh.
  4610 | D:8      | Noticed RoseArtemis's ghost (novice MiFi)
  4774 | D:7      | Reached skill level 5 in Dodging
  4774 | D:7      | Reached skill level 1 in Invocations
  4945 | D:8      | Gained mutation: You have very sharp teeth. [potion of mutation]
  4945 | D:8      | Gained mutation: You are robust. (+10% HP) [potion of mutation]
  4966 | D:8      | HP: 36/96 [RoseArtemis's ghost (9)]
  4971 | D:8      | Killed RoseArtemis's ghost
  4981 | D:8      | HP: 34/99 [leopard gecko (1)]
  4989 | D:8      | HP: 36/99 [adder (1)]
  4998 | D:8      | HP: 37/99 [adder (2)]
  5003 | D:8      | HP: 35/99 [poisoned by an adder]
  5008 | D:8      | Reached *** piety under Cheibriados
  5009 | D:8      | HP: 36/99 [poisoned by an adder]
  5016 | D:8      | HP: 37/99 [poisoned by an adder]
  5021 | D:8      | HP: 37/99 [poisoned by an adder]
  5228 | D:8      | Found a glowing golden altar of the Shining One.
  5416 | D:9      | HP: 40/100 [centaur skeleton (3)]
  5527 | D:8      | Found an ornate altar of the Wu Jian Council.
  5582 | D:8      | Reached **** piety under Cheibriados
  5643 | D:8      | Noticed a death yak
  5651 | D:8      | Found a staircase to the Lair.
  5700 | D:9      | Reached XP level 11. HP: 89/106 MP: 14/14
  5732 | D:9      | HP: 41/106 [poisoned by a killer bee]
  5737 | D:9      | HP: 36/106 [poisoned by a killer bee]
  5742 | D:9      | HP: 29/106 [poisoned by a killer bee]
  5747 | D:8      | HP: 26/106 [poisoned by a killer bee]
  5752 | D:8      | HP: 25/106 [poisoned by a killer bee]
  5759 | D:8      | HP: 25/106 [poisoned by a killer bee]
  5766 | D:8      | HP: 26/106 [poisoned by a killer bee]
  5796 | D:9      | HP: 34/106 [orc/hand axe (5)]
  5807 | D:8      | HP: 22/106 [ice beast (3)]
  5807 | D:8      | HP: 10/106 [ice beast (12)]
  5812 | D:8      | HP: 16/106 [ice beast (2)]
  5812 | D:8      | HP: 3/106 [ice beast (13)]
  5880 | D:8      | HP: 27/106 [wight/spear (2)]
  5895 | D:8      | HP: 24/106 [wight/spear (4)]
  5915 | D:8      | Reached skill level 5 in Invocations
  6101 | D:9      | HP: 40/106 [killer bee (6)]
  6106 | D:9      | HP: 26/106 [poisoned by a killer bee]
  6111 | D:9      | HP: 22/106 [poisoned by a killer bee]
  6117 | D:9      | HP: 22/106 [poisoned by a killer bee]
  6122 | D:9      | HP: 22/106 [poisoned by a killer bee]
  6130 | D:8      | HP: 24/106 [poisoned by a killer bee]
  6159 | D:8      | HP: 34/106 [hippogriff (1)]
  6165 | D:8      | HP: 25/106 [hippogriff (3)]
  6211 | D:7      | HP: 41/106 [crimson imp (3)]
  6640 | D:9      | Noticed a two-headed ogre
  6649 | D:9      | Killed a two-headed ogre
  6884 | D:10     | Entered Level 10 of the Dungeon
  6903 | D:10     | Noticed a red ugly thing
  6906 | D:10     | Noticed a cyclops
  6908 | D:10     | Noticed a white ugly thing
  6908 | D:10     | Reached skill level 10 in Maces & Flails
  6909 | D:10     | Noticed a tengu warrior
  6915 | D:10     | Killed a white ugly thing
  6915 | D:10     | HP: 41/108 [tengu warrior/long sword (7)]
  6922 | D:10     | HP: 40/108 [vampire mosquito (4)]
  6943 | D:10     | HP: 38/108 [ogre/giant spiked club (10)]
  6948 | D:10     | HP: 29/108 [centaur/arrow (4)]
  7099 | D:10     | Reached skill level 10 in Fighting
  7292 | D:10     | Killed a cyclops
  7292 | D:10     | Reached ***** piety under Cheibriados
  7299 | D:10     | Reached skill level 10 in Armour
  7311 | D:10     | Killed an unseen horror
  7335 | D:10     | HP: 42/110 [tengu warrior/stone (10)]
  7338 | D:10     | Killed an unseen horror
  7345 | D:10     | HP: 42/110 [tengu warrior/long sword (4)]
  7353 | D:10     | Killed a tengu warrior
  7353 | D:10     | Reached XP level 12. HP: 46/117 MP: 17/17
  7444 | D:10     | Reached skill level 1 in Shields
  7455 | D:10     | Noticed a two-headed ogre
  7461 | D:10     | Killed a two-headed ogre
  7734 | D:11     | Noticed a two-headed ogre
  7738 | D:11     | Killed a two-headed ogre
  7898 | D:12     | Found a deep blue altar of Sif Muna.
  7955 | D:12     | Noticed a sun demon
  8308 | D:11     | Reached skill level 5 in Shields
  8345 | D:11     | Reached ****** piety under Cheibriados
  8350 | D:11     | Found a staircase to the Orcish Mines.
  8474 | D:8      | Killed a death yak
  8501 | Lair:1   | Entered Level 1 of the Lair of Beasts
  8737 | Lair:2   | Reached XP level 13. HP: 109/127 MP: 19/19
  9030 | Lair:3   | Found a staircase to the Snake Pit.
  9188 | Lair:3   | Reached skill level 10 in Invocations
  9490 | Lair:4   | Found a staircase to the Shoals.
  9576 | Lair:5   | Noticed Snorg
  9584 | Lair:5   | Killed Snorg
  9673 | Lair:5   | Reached skill level 1 in Evocations
  9678 | Lair:5   | Found a staircase to the Slime Pits.
  9678 | Lair:5   | Found a viscous altar of Jiyva.
  9709 | Lair:6   | Entered Level 6 of the Lair of Beasts
 10038 | Lair:6   | Reached XP level 14. HP: 91/139 MP: 21/21
 10521 | Lair:6   | Noticed a dire elephant
 10558 | Lair:6   | Killed a dire elephant
 10558 | Lair:6   | Reached skill level 10 in Dodging
 11052 | Orc:1    | Entered Level 1 of the Orcish Mines
 11267 | Orc:2    | Entered Level 2 of the Orcish Mines
 11283 | Orc:2    | Paralysed by an orc sorcerer for 3 turns
 11537 | Orc:2    | Paralysed by an orc sorcerer for 7 turns
 11587 | Orc:2    | Found a staircase to the Elven Halls.
 11665 | Orc:2    | Found Mur Vusch's Book Shoppe.
 11674 | Orc:2    | Bought the Reference Book on Transformation and Earth for 590 gold pieces
 11681 | Orc:2    | Learned a level 6 spell: Statue Form
 11714 | Orc:2    | Found a roughly hewn altar of Beogh.
 11894 | Orc:2    | Reached skill level 10 in Shields
 12042 | Orc:2    | Reached skill level 5 in Evocations
 12084 | Orc:2    | Reached XP level 15. HP: 93/149 MP: 11/23
 12098 | Orc:2    | Found Nosiluc's General Store.
 12098 | Orc:2    | Found Umaeng's Antique Armour Shoppe.
 12099 | Orc:2    | Found Qackiusu's Gadget Emporium.
 12099 | Orc:2    | Found Bizoplup's Jewellery Shoppe.
 12111 | Orc:2    | Bought the ring "Qawor" {Wiz rPois MR+ Int+2} for 612 gold pieces
 12116 | Orc:2    | Bought a +0 eveningstar of protection for 240 gold pieces
 12116 | Orc:2    | Bought a scroll of fog for 24 gold pieces
 12116 | Orc:2    | Bought a potion of curing for 36 gold pieces
 12461 | D:13     | Reached skill level 1 in Earth Magic
 12655 | D:13     | Found Geeg's Assorted Antiques.
 12663 | D:13     | Bought a wand of iceblast (9) for 104 gold pieces
 12790 | D:14     | Reached skill level 1 in Transmutations
 12915 | D:14     | Found a gate to the Vaults.
 12925 | D:15     | Entered Level 15 of the Dungeon
 13081 | D:15     | Noticed an emperor scorpion
 13108 | D:15     | HP: 53/150 [raiju (glowing shapeshifter)/living lightning (22)]
 13110 | D:15     | Killed an emperor scorpion
 13199 | D:15     | Noticed Azrael
 13203 | D:15     | HP: 52/150 [Azrael/damnation (40)]
 13211 | D:15     | Killed Azrael
 13217 | D:15     | HP: 59/150 [fire elemental[Azrael] (2)]
 13223 | D:15     | HP: 60/150 [fire elemental[Azrael] (3)]
 13326 | D:15     | Found a runed door.
 13515 | D:15     | Found a staircase to the Depths.
 13923 | D:13     | Found a shimmering altar of Xom.
 13993 | D:13     | Noticed Maurice
 14014 | D:13     | Killed Maurice
 14014 | D:13     | Reached skill level 5 in Earth Magic
 14335 | Lair:1   | Identified 2 scrolls of acquirement
 14478 | Shoals:1 | Entered Level 1 of the Shoals
 14903 | Shoals:1 | Reached XP level 16. HP: 96/160 MP: 25/25
 15022 | Shoals:2 | Found an iron altar of Okawaru.
 15032 | Shoals:2 | Noticed a kraken
 15036 | Shoals:2 | HP: 63/160 [sea snake (13)]
 15041 | Shoals:2 | HP: 59/160 [poisoned by a sea snake]
 15046 | Shoals:2 | HP: 53/160 [poisoned by a sea snake]
 15051 | Shoals:2 | HP: 49/160 [poisoned by a sea snake]
 15056 | Shoals:2 | HP: 46/160 [poisoned by a sea snake]
 15056 | Shoals:2 | HP: 8/160 [alligator snapping turtle (38)]
 15061 | Shoals:2 | HP: 8/160 [poisoned by a sea snake]
 15066 | Shoals:2 | HP: 8/160 [poisoned by a sea snake]
 15425 | Shoals:3 | Noticed Nikola
 15442 | Shoals:3 | Killed Nikola
 15485 | Shoals:3 | HP: 62/160 [merfolk/trident (9)]
 15491 | Shoals:3 | HP: 44/160 [merfolk javelineer/javelin (6)]
 15500 | Shoals:3 | HP: 31/160 [merfolk/trident (6)]
 15508 | Shoals:3 | HP: 35/160 [manticore (2)]
 15514 | Shoals:3 | HP: 34/160 [merfolk aquamancer/rapier of protection (3)]
 15519 | Shoals:3 | HP: 44/160 [water elemental (7)]
 15524 | Shoals:3 | HP: 32/160 [drowned by a water elemental (6)]
 15543 | Shoals:3 | HP: 46/160 [sea snake (3)]
 15563 | Shoals:3 | Noticed Polyphemus
 15836 | Snake:1  | Entered Level 1 of the Snake Pit
 15935 | Snake:1  | Reached skill level 5 in Transmutations
 16293 | Snake:1  | Found Iwimoxil's Food Emporium.
 16568 | Snake:1  | Reached skill level 10 in Earth Magic
 16974 | Snake:2  | Noticed Agnes
 16975 | Snake:2  | Killed Agnes
 16983 | Snake:2  | Noticed Donald
 16992 | Snake:2  | Killed Donald
 16992 | Snake:2  | Reached XP level 17. HP: 160/167 MP: 19/26
 17214 | Snake:2  | HP: 63/167 [naga warrior/long sword (17)]
 17220 | Snake:2  | HP: 56/167 [naga warrior/long sword (6)]
 17226 | Snake:2  | HP: 44/167 [poisoned by a guardian serpent (bolt of poison)]
 17426 | Snake:3  | Reached skill level 5 in Spellcasting
 17557 | Snake:3  | Noticed Vashnia
 17561 | Snake:3  | Reached skill level 1 in Unarmed Combat
 17566 | Snake:3  | HP: 86/217 [Vashnia/bolt (14)]
 17568 | Snake:3  | Reached skill level 2 in Unarmed Combat
 17570 | Snake:3  | HP: 35/217 [Vashnia/bolt (19)]
 17571 | Snake:3  | HP: 11/217 [Vashnia/bolt (25)]
 17578 | Snake:3  | HP: 24/217 [Vashnia/bolt (17)]
 17578 | Snake:3  | HP: 4/217 [Vashnia/bolt (20)]
 17585 | Snake:3  | Killed Vashnia
 17585 | Snake:3  | Reached skill level 3 in Unarmed Combat
 17745 | Snake:4  | Entered Level 4 of the Snake Pit
 17852 | Snake:4  | Reached skill level 4 in Unarmed Combat
 18124 | Snake:4  | Reached skill level 5 in Unarmed Combat
 18235 | Snake:4  | Reached skill level 6 in Unarmed Combat
 18392 | Snake:4  | Reached skill level 7 in Unarmed Combat
 18473 | Snake:4  | Reached skill level 8 in Unarmed Combat
 18563 | Snake:4  | Reached skill level 9 in Unarmed Combat
 18770 | Snake:4  | Reached skill level 10 in Unarmed Combat
 18863 | Snake:4  | Got a serpentine rune of Zot
 19137 | Shoals:2 | Killed Polyphemus
 19137 | Shoals:2 | Reached XP level 18. HP: 176/176 MP: 27/27
 19207 | Shoals:3 | Reached skill level 11 in Unarmed Combat
 19370 | Shoals:4 | Entered Level 4 of the Shoals
 19472 | Shoals:4 | Reached skill level 12 in Unarmed Combat
 19478 | Shoals:4 | Identified the Handbook of Venomous Stones
 19486 | Shoals:4 | Learned a level 5 spell: Borgnjor's Vile Clutch
 19497 | Shoals:4 | Learned a level 5 spell: Yara's Violent Unravelling
 19568 | Shoals:4 | Reached skill level 1 in Necromancy
 19647 | Shoals:4 | Noticed Totori's ghost (adept DrTm)
 19767 | Shoals:4 | Killed Totori's ghost
 19800 | Shoals:4 | Noticed Ilsuiw
 19802 | Shoals:4 | Reached skill level 13 in Unarmed Combat
 19814 | Shoals:4 | Killed Ilsuiw
 19817 | Shoals:4 | HP: 81/228 [merfolk javelineer/javelin (13)]
 20006 | Shoals:4 | Reached skill level 14 in Unarmed Combat
 20009 | Shoals:4 | Got a barnacled rune of Zot
 20392 | D:13     | Bought a hardcover book for 390 gold pieces
 20392 | D:13     | Bought a scroll of fog for 52 gold pieces
 20392 | D:13     | Bought a scroll of fog for 52 gold pieces
 20392 | D:13     | Bought a wand of acid (13) for 208 gold pieces
 20528 | Elf:1    | Entered Level 1 of the Elven Halls
 20555 | Elf:1    | Learned a level 4 spell: Animate Dead
 20627 | Elf:2    | Found Dulib's Antique Armour Boutique.
 20668 | Elf:3    | Entered Level 3 of the Elven Halls
 20824 | Elf:3    | Reached skill level 15 in Unarmed Combat
 20958 | Elf:3    | Reached XP level 19. HP: 147/183 MP: 21/28
 21095 | Elf:3    | HP: 89/237 [deep elf annihilator/crystal spear (62)]
 21098 | Elf:3    | HP: 36/237 [ghostly deep elf blademaster/rapier (13)]
 21233 | Elf:3    | Reached skill level 16 in Unarmed Combat
 21260 | Elf:3    | Got a heavily runed iron ring
 21261 | Elf:3    | Identified the ring "Rozasezeyps" {rF+ Str+3 Dex+3} (You found it on level 3 of the Elven Halls)
 21288 | Elf:3    | Identified the cursed +1 robe of Resourcefulness {+Fly Str+5 Int+3 Dex-4} (You took it off a deep elf annihilator on level 3 of the Elven Halls)
 21291 | Elf:3    | Noticed an Ice Fiend
 21312 | Elf:3    | HP: 77/237 [deep elf master archer/arrow (25)]
 21322 | Elf:3    | Noticed a Tzitzimitl
 21322 | Elf:3    | HP: 48/237 [???[a deep elf demonologist] (13)]
 21441 | Elf:3    | Identified Sif Muna's Collected Works on Envenoming and Dark Arts
 21470 | Elf:3    | Identified Zomawiav's Collected Works on Shifting Calling
 21477 | Elf:3    | Identified Gamanama's Volume of Doomed Transmutation
 21483 | Elf:3    | Learned a level 3 spell: Regeneration
 21489 | Elf:3    | Learned a level 5 spell: Aura of Abjuration
 21619 | Elf:2    | Reached skill level 1 in Summonings
 21692 | Elf:2    | Found a runed gate.
 21692 | Elf:2    | Found a runed gate.
 21716 | Elf:1    | Found a portal to a secret trove of treasure.
 21858 | Elf:2    | Learned a level 2 spell: Passwall
 21867 | Elf:2    | Bought a pair of smoking gloves for 304 gold pieces
 21879 | Elf:2    | Identified the +5 pair of gloves "Mufiarem" {+Inv Int+4 Slay+3} (You bought it in a shop on level 2 of the Elven Halls)
 21879 | Elf:2    | Upgraded the game from 0.22-a0-374-g5dfd9e3 to 0.22-a0-377-g846bec1
 21981 | Orc:2    | Bought a runed helmet for 255 gold pieces
 21981 | Orc:2    | Bought a colourful robe for 193 gold pieces
 21981 | Orc:2    | Identified the cursed +0 robe of Uskayaw's Vengeance {-Tele Dex+4} (You bought it in a shop on level 2 of the Orcish Mines)
 22189 | Vaults:1 | Entered Level 1 of the Vaults
 22262 | Vaults:1 | Reached XP level 20. HP: 191/191 MP: 27/29
 22499 | Vaults:2 | Found Bodif's Assorted Antiques.
 22515 | Vaults:2 | Bought a scroll labeled ITWUCA UBBUPH for 46 gold pieces
 22515 | Vaults:2 | Bought a scroll of blinking for 345 gold pieces
 22925 | Vaults:3 | Reached skill level 17 in Unarmed Combat
 22961 | Vaults:3 | Found Utahuat's Magic Scroll Shop.
 22971 | Vaults:3 | Bought a scroll of identify for 38 gold pieces
 22971 | Vaults:3 | Bought a scroll of teleportation for 57 gold pieces
 23375 | Vaults:3 | Reached XP level 21. HP: 134/199 MP: 17/34
 23410 | Vaults:3 | HP: 103/258 [stone giant (18)]
 23458 | Vaults:4 | Learned a level 6 spell: Death Channel
 23592 | Vaults:5 | Entered Level 5 of the Vaults
 23599 | Vaults:5 | Noticed an ancient lich
 23621 | Vaults:5 | Reached skill level 10 in Spellcasting
 23621 | Vaults:5 | Reached skill level 5 in Necromancy
 23640 | Vaults:5 | Noticed Margery
 23645 | Vaults:5 | Paralysed by an ancient lich for 6 turns
 23647 | Vaults:5 | HP: 86/258 [frost giant/bolt of cold (21)]
 23648 | Vaults:5 | Killed an ancient lich
 23652 | Vaults:5 | HP: 65/258 [vault guard/long sword (9)]
 23657 | Vaults:5 | HP: 44/258 [fire giant/bolt of fire (9)]
 23781 | Vaults:5 | Noticed an ancient lich
 23793 | Vaults:5 | HP: 59/200 [something/lance of force (26)]
 23802 | Vaults:5 | HP: 56/260 [tengu reaver/enchanted long sword (6)]
 23805 | Vaults:5 | HP: 2/260 [tengu reaver/bolt of magma (36)]
 23808 | Vaults:5 | Slain by an Executioner

Vault maps used:
D:1:      scummos_arrival_hexagon, serial_bayou_lake_a
D:2:      lemuel_coloured_pillars_altar, nicolae_overflow_hidden_temple
D:3:      kiku_gazebo_garden_becter, nicolae_qazlal_general_emergency,
          uniq_grinder
D:5:      minmay_temple_entry_mist, first_ration, basic_altar,
          minmay_misc_feat_encased, uniq_crazy_yiuf_cottage, uniq_eustachio
D:6:      kennysheep_big_flooded_room, grunt_dithmenos_smoke_and_mirrors,
          doesnt_xom_only_xom, serial_shops, nicolae_shop_trees, uniq_sigmund,
          uniq_blork_the_orc
D:7:      grunt_temple_overflow_lords_of_destruction, kennysheep_little_box,
          the_bakery
D:8:      kennysheep_mini, old_standard_altar, david_lair_generic, basic_altar,
          minmay_bent
D:9:      wad_woods_minihive
D:10:     minivault_28
D:11:     erik_orc_2
D:12:     lab_entry_generic, led_sif_book
D:13:     erik_rubicon_a, basic_altar, serial_shops, shop,
          kennysheep_generic_room_16, uniq_maurice
D:14:     erik_vaults_1, infiniplex_staircase_spiral_double, uniq_frances
D:15:     hangedman_depths_entry_try_elsewhere_first, nrook_pool_corridor,
          hangedman_decor_points, minivault_13, uniq_azrael
Temple:   minmay_temple_curvy_loop
Lair:1:   cheibrodos_lair_river_kwai, minmay_lair_oklob_chamber, uniq_erica
Lair:2:   serial_bayou_shore_a
Lair:3:   guppyfry_snake_entry_island, portal_ice_cave_entry_pillars_1,
          special_room
Lair:4:   minmay_shoals_entry_hut
Lair:5:   dragon1_lemuel, slime_altar_1, uniq_snorg
Lair:6:   grunt_lair_end_beastmaster, lemuel_fruit_fields
Shoals:1: cheibrodos_shoals_satyrical_garden
Shoals:2: abandoned_shop, lemuel_oklob_altar
Shoals:3: uniq_nikola, uniq_polyphemus
Shoals:4: shoals_end_grunt_ice, shoals_ilsuiw_ice,
          nicolae_shoals_kraken_intersection
Snake:1:  nrook_guardian_serpent_snake_passage, serial_shops, shop
Snake:2:  st_stairs_7, uniq_agnes, uniq_donald
Snake:3:  st_stairs_9, uniq_vashnia
Snake:4:  snake_pit
Orc:2:    st_orc_pillars, serial_shops, nicolae_shop_trees,
          nicolae_orc_lost_temple
Elf:1:    minmay_elf_arrival_circle, nicolae_trove_entry_crossroad, orc_legates,
          minmay_shoptagon
Elf:2:    serial_shops, shop, special_room, serial_co_window_serial,
          co_window_paths_a, co_window_paths_b, co_window_paths_a,
          co_window_of_opportunity_a, co_window_corner_a, co_window_2corner,
          co_window_of_opportunity_c, co_window_corner_b, co_window_corner_b,
          co_window_of_opportunity_b, co_window_corner_b, glass_columns_a,
          glass_columns_c
Elf:3:    minmay_elf_hall_furrowed, roderic_lattice_octagonal_star
Vaults:1: v_pattern_3, nicolae_vaults_quartermaster,
          ontoclasm_vaults_misaligned, v_misc_9, v_misc_31, vaults_room_octagon,
          nicolae_vaults_network_star, hangedman_vaults_pinch,
          grunt_vaults_funnel, v_misc_8, nicolae_vaults_circle_grid_b,
          serial_shops, nicolae_shop_waterfront
Vaults:2: ontoclasm_vaults_shout, vaults_room_pools, grunt_vaults_hallway_short,
          hangedman_vaults_maws, v_misc_15, nicolae_vaults_mini_display_case,
          hangedman_vaults_nails, vaults_room_grid, grunt_vaults_bifocal,
          ontoclasm_vaults_gateway, vaults_room_ringed_pool,
          grunt_vaults_hallway_short, ontoclasm_vaults_shuriken, serial_shops,
          nicolae_shop_crystal
Vaults:3: ontoclasm_vaults_claustrophobia, blue_anna_dwarven_crypt, v_pattern_4,
          vaults_room_pool, nicolae_vaults_little_squares_6,
          nicolae_vaults_alarming, hangedman_vaults_trim,
          hangedman_vaults_corner, grunt_vaults_swirl, ontoclasm_vaults_chip,
          serial_shops, nicolae_shop_temple_entry_statues_fountains, shop, shop
Vaults:4: hangedman_vaults_trim, nicolae_vaults_three_branches,
          vaults_room_door_hall, nicolae_vaults_hallways_thing,
          ontoclasm_vaults_ring_square, nicolae_vaults_little_squares_4,
          nicolae_vaults_little_squares_6, vaults_room_door_ring,
          dpeg_vaults_monster_box, nicolae_vaults_little_squares_3,
          serial_shops, shop
Vaults:5: uniq_margery

Skill      XL: |  1  2  3  4  5  6  7  8  9 10 11 12 13 14 15 16 17 18 19 20 21 |
---------------+----------------------------------------------------------------+-----
Fighting       | 1 2 4 5 6 7 9 10 11 12 13 14 | 14.4
Short Blades   | 1 2 4 |  4.7
Maces & Flails | 2 4 8 10 | 10.0
Dodging        | 2 4 5 6 7 9 10 11 12 13 | 13.6
Armour         | 6 8 10 | 10.2
Invocations    | 4 7 9 10 11 12 13 14 | 14.0
Shields        | 6 9 10 11 | 11.0
Evocations     | 2 5 6 |  6.0
Earth Magic    | 6 10 11 | 11.0
Spellcasting   | 2 4 5 6 9 10 | 10.0
Transmutations | 3 6 7 |  7.0
Unarmed Combat | 10 15 16 17 | 17.0
Necromancy     | 4 8 |  8.0
Summonings     | 3 4 |  4.0
Stealth        | |  1.5
Conjurations   | |  4.0

Action                   |  1- 3 |  4- 6 |  7- 9 | 10-12 | 13-15 | 16-18 | 19-21 || total
-------------------------+-------+-------+-------+-------+-------+-------+-------++-------
Melee: Mace              |    16 |       |       |       |       |       |       ||    16
       Short sword       |   131 |   239 |    13 |       |       |       |       ||   383
       Morningstar       |       |    44 |   510 |  1012 |   827 |       |       ||  2393
       Bite              |       |       |       |   186 |   348 |   274 |   115 ||   923
       Unarmed           |       |       |       |     3 |       |   568 |   658 ||  1229
       Eveningstar       |       |       |       |       |   751 |   874 |       ||  1625
Throw: Throwing net      |       |       |       |       |       |     2 |       ||     2
 Cast: Magic Dart        |     4 |       |       |       |       |       |       ||     4
       Statue Form       |       |       |       |       |       |    60 |    48 ||   108
       Animate Dead      |       |       |       |       |       |     1 |     8 ||     9
       Borgnjor's Vile C |       |       |       |       |       |     1 |    17 ||    18
       Passwall          |       |       |       |       |       |       |     7 ||     7
       Regeneration      |       |       |       |       |       |       |    27 ||    27
       Aura of Abjuratio |       |       |       |       |       |       |     2 ||     2
       Death Channel     |       |       |       |       |       |       |     2 ||     2
Invok: Bend Time         |       |       |       |    16 |    12 |     2 |     1 ||    31
       Slouch            |       |       |       |     5 |    21 |    13 |     6 ||    45
       Temporal Distorti |       |       |       |     2 |     3 |     5 |     4 ||    14
 Abil: End Transformatio |       |       |       |       |       |       |     1 ||     1
Evoke: Wand              |       |     8 |       |       |    23 |    43 |     4 ||    78
       Phial of floods   |       |       |       |     1 |     3 |     5 |     2 ||    11
       Lamp of fire      |       |       |       |       |     2 |     4 |     2 ||     8
       Sack of spiders   |       |       |       |       |       |     2 |       ||     2
       Lightning rod     |       |       |       |       |       |       |     4 ||     4
       Phantom mirror    |       |       |       |       |       |       |     1 ||     1
  Use: Scroll            |     3 |     1 |     5 |    11 |    12 |    15 |    18 ||    65
       Potion            |       |     3 |     2 |     6 |     4 |    18 |     6 ||    39
 Stab: Invisible         |       |       |     1 |       |       |       |       ||     1
       Petrified         |       |       |       |       |     1 |       |       ||     1
       Distracted        |       |       |       |       |     1 |       |     3 ||     4
       Sleeping          |       |       |       |       |       |     1 |     4 ||     5
  Eat: Chunk             |       |     4 |     9 |    19 |    16 |    19 |    14 ||    81
       Ration            |       |       |       |     1 |     1 |     7 |     4 ||    13
Armor: Plate armour      |   135 |   260 |   502 |   676 |   198 |       |       ||  1771
       Skin              |       |       |       |     3 |       |   305 |   248 ||   556
       Chain mail        |       |       |       |       |   250 |   208 |       ||   458
       Troll leather arm |       |       |       |       |       |     9 |     5 ||    14
Dodge: Dodged            |    10 |    58 |   181 |   639 |   949 |  1507 |   776 ||  4120
Block: Shield            |       |       |       |   257 |  1286 |   643 |   348 ||  2534
       Buckler           |       |       |       |       |       |   500 |   244 ||   744

Table legend:
 A = Spawn XP
 B = Non-spawn XP
 C = Spawn XP percentage of total XP
 D = Spawn monster count
 E = Non-spawn monster count
 F = Spawn count percentage of total count
 G = Total turns spent on level
                    A         B        C        D         E        F      G
               +---------+---------+-------+---------+---------+-------+---------
         Total |       0 |  561583 |   0.0 |       0 |    1419 |   0.0 | 23808
               +---------+---------+-------+---------+---------+-------+---------
           D:1 |       0 |      55 |   0.0 |       0 |      15 |   0.0 |   621
           D:2 |       0 |      72 |   0.0 |       0 |      22 |   0.0 |   737
           D:3 |       0 |     506 |   0.0 |       0 |      34 |   0.0 |   754
           D:4 |       0 |     849 |   0.0 |       0 |      25 |   0.0 |  1104
           D:5 |       0 |     387 |   0.0 |       0 |      15 |   0.0 |   403
           D:6 |       0 |    1972 |   0.0 |       0 |      36 |   0.0 |   601
           D:7 |       0 |    1720 |   0.0 |       0 |      30 |   0.0 |   753
           D:8 |       0 |    4142 |   0.0 |       0 |      47 |   0.0 |  1257
           D:9 |       0 |    5862 |   0.0 |       0 |      77 |   0.0 |   875
          D:10 |       0 |    6673 |   0.0 |       0 |      45 |   0.0 |   775
          D:11 |       0 |    4909 |   0.0 |       0 |      51 |   0.0 |   814
          D:12 |       0 |    1752 |   0.0 |       0 |      16 |   0.0 |   542
          D:13 |       0 |    9221 |   0.0 |       0 |      37 |   0.0 |   620
          D:14 |       0 |   11490 |   0.0 |       0 |      31 |   0.0 |   509
          D:15 |       0 |   10166 |   0.0 |       0 |      22 |   0.0 |   705
        Lair:1 |       0 |    3566 |   0.0 |       0 |      15 |   0.0 |   385
        Lair:2 |       0 |    3792 |   0.0 |       0 |      24 |   0.0 |   262
        Lair:3 |       0 |    3895 |   0.0 |       0 |      16 |   0.0 |   470
        Lair:4 |       0 |   10286 |   0.0 |       0 |      33 |   0.0 |   537
        Lair:5 |       0 |    2583 |   0.0 |       0 |       7 |   0.0 |   189
        Lair:6 |       0 |   16730 |   0.0 |       0 |      41 |   0.0 |   949
      Shoals:1 |       0 |   14110 |   0.0 |       0 |      29 |   0.0 |   596
      Shoals:2 |       0 |   17084 |   0.0 |       0 |      28 |   0.0 |   666
      Shoals:3 |       0 |   18220 |   0.0 |       0 |      31 |   0.0 |   383
      Shoals:4 |       0 |   34759 |   0.0 |       0 |      54 |   0.0 |   686
       Snake:1 |       0 |   17490 |   0.0 |       0 |      38 |   0.0 |   973
       Snake:2 |       0 |   12887 |   0.0 |       0 |      20 |   0.0 |   542
       Snake:3 |       0 |   17159 |   0.0 |       0 |      22 |   0.0 |   492
       Snake:4 |       0 |   40014 |   0.0 |       0 |      64 |   0.0 |  1196
         Orc:1 |       0 |    2760 |   0.0 |       0 |      25 |   0.0 |   353
         Orc:2 |       0 |   15993 |   0.0 |       0 |     105 |   0.0 |   980
         Elf:1 |       0 |    7946 |   0.0 |       0 |      16 |   0.0 |   155
         Elf:2 |       0 |   21008 |   0.0 |       0 |      40 |   0.0 |   353
         Elf:3 |       0 |   71612 |   0.0 |       0 |      74 |   0.0 |   888
      Vaults:1 |       0 |   26096 |   0.0 |       0 |      33 |   0.0 |   248
      Vaults:2 |       0 |   35287 |   0.0 |       0 |      56 |   0.0 |   491
      Vaults:3 |       0 |   46560 |   0.0 |       0 |      81 |   0.0 |   513
      Vaults:4 |       0 |   10921 |   0.0 |       0 |      15 |   0.0 |   151
      Vaults:5 |       0 |   51049 |   0.0 |       0 |      49 |   0.0 |   216
               +---------+---------+-------+---------+---------+-------+---------
